 Dungeon Crawl Stone Soup version 0.24.0-10-g970556be89 (webtiles) character file.

Game seed: 3207793060733021023, levelgen mode: deterministic

469 Curus the Spear-Bearer (level 7, -3/50 HPs)
             Began as a Merfolk Gladiator on Nov 4, 2019.
             Splashed by a jelly's acid (9 damage)
             ... on level 7 of the Dungeon.
             The game lasted 00:14:27 (2654 turns).

Curus the Spear-Bearer (Merfolk Gladiator)          Turns: 2654, Time: 00:14:29

Health: -3/50      AC:  2    Str: 15    XL:     7   Next: 9%
Magic:  7/7        EV: 13    Int:  7    God:
Gold:   171        SH:  4    Dex: 17    Spells: 6/6 levels left

rFire    . . .     SeeInvis .   a - +0 trident
rCold    . . .     Gourm    .   u - +0 buckler
rNeg     . . .     Faith    .   s - +0 troll leather armour {Purgy}
rPois    .         Spirit   .   c - +1 helmet
rElec    .         Reflect  .   (no cloak)
rCorr    .         Harm     .   g - +1 pair of gloves
MR       .....                  (no boots)
Stlth    +.........             (no amulet)
HPRegen  0.56/turn              h - ring of wizardry
MPRegen  0.10/turn              k - +2 ring of protection

@: lethally poisoned (-3 -> -3), corroded
A: change form in water, swift swim, stealthy swim
a: no special abilities


You were on level 7 of the Dungeon.
You were not hungry.

You visited 1 branch of the dungeon, and saw 5 of its levels.
You also visited: Sewer.

You collected 171 gold pieces.

Inventory:

Hand Weapons
 a - a +0 trident (weapon)
Missiles
 d - 3 throwing nets (quivered)
Armour
 b - a +0 leather armour
 c - a +1 helmet (worn)
 g - a +1 pair of gloves (worn)
 s - a +0 troll leather armour (worn) {Purgy}
 u - a +0 buckler (worn)
Jewellery
 h - a ring of wizardry (left hand)
 j - an uncursed ring of ice
 k - a +2 ring of protection (right hand)
 q - an uncursed amulet of inaccuracy
Scrolls
 e - 4 scrolls of identify
 i - a scroll of magic mapping
 l - a scroll of remove curse
 o - a scroll of blinking
Potions
 p - a potion of might
 r - a potion of flight
 t - a potion of heal wounds
Comestibles
 f - 6 rations
 m - 3 chunks of flesh


   Skills:
 - Level 2.1 Fighting
 + Level 11.0 Polearms
 - Level 2.0 Throwing
 - Level 4.0 Dodging


You had 6 spell levels left.
You didn't know any spells.
Your spell library was empty.

Dungeon Overview and Level Annotations

Branches:
Dungeon (4/15)              Sewer (visited)
 Temple: D:4-7

Altars:
Cheibriados
Trog

Annotations:
D:7 2 transporters, PrinceRalsei's ghost, novice HuNe


Message History

You puncture the water moccasin!
The water moccasin is severely wounded.
Your surroundings suddenly seem different.
You start resting.
The sentinel's mark upon you fades away.
You feel sick.
You start resting.
You feel sick. x4
The jelly is too close now for your liking.
You start resting.
You feel sick.
The jelly is too close now for your liking.
You puncture the jelly! The acid corrodes you!
Your hands burn!
* * * LOW HITPOINT WARNING * * *
The jelly is moderately wounded.
You hit the jelly. The acid corrodes you!
Your hands burn!
* * * LOW HITPOINT WARNING * * *
The jelly is heavily wounded.
The jelly hits you.
* * * LOW HITPOINT WARNING * * *
You are splashed with acid!
You die...

##.## ##...#
....## ###
.....# ...#
....##...# #
##...#.....
#.#.......#
..#......K..#
#.......@J#..#
.........##
##.#.....# #
##...##
####..# ...#.
#....
...........#©
....#
#......#...#
###.##
#..........##
.#
............#
<...........#


You could see a jelly and a kobold.

Vanquished Creatures
  Purgy (Sewer)
  An ogre (D:7)
  A bullfrog (D:7)
  A hound (D:7)
  Terence (D:2)
  A worker ant (D:4)
  A hound zombie (D:7)
  A worker ant zombie (D:7)
  3 adders
  An adder zombie (D:7)
  3 worms
  2 dart slugs
  4 leopard geckos
  7 bats
  4 giant cockroaches
  8 goblins
  7 hobgoblins
  8 jackals
  13 kobolds
  A quokka (D:2)
  3 ball pythons
  2 frilled lizards
  9 rats
83 creatures vanquished.

Notes
Turn   | Place    | Note
-------+----------+-------------------------------------------
     0 | D:1      | Curus the Merfolk Gladiator began the quest for the Orb.
     0 | D:1      | Reached XP level 1. HP: 16/16 MP: 1/1
    47 | D:1      | Reached skill level 5 in Polearms
    48 | D:1      | Reached XP level 2. HP: 14/22 MP: 2/2
   372 | D:1      | Reached skill level 6 in Polearms
   372 | D:1      | Reached XP level 3. HP: 13/27 MP: 3/3
  1220 | D:2      | Reached XP level 4. HP: 30/33 MP: 4/4
  1227 | D:2      | Reached skill level 7 in Polearms
  1287 | D:2      | Noticed Terence
  1362 | D:2      | Killed Terence
  1833 | D:3      | Reached skill level 8 in Polearms
  1860 | D:3      | Found a snail-covered altar of Cheibriados.
  1878 | D:3      | Reached XP level 5. HP: 38/38 MP: 5/5
  2347 | D:4      | Found a glowing drain.
  2370 | Sewer    | Entered a sewer
  2424 | Sewer    | Noticed Purgy
  2444 | Sewer    | Killed Purgy
  2444 | Sewer    | Reached skill level 9 in Polearms
  2444 | Sewer    | Reached XP level 6. HP: 33/44 MP: 6/6
  2559 | D:4      | You fall into a shaft and drop 3 floors!
  2561 | D:7      | Noticed a two-headed ogre
  2562 | D:7      | Found a transporter.
  2591 | D:7      | Reached skill level 10 in Polearms
  2596 | D:7      | Found a transporter.
  2596 | D:7      | Noticed a moth of wrath
  2599 | D:7      | Noticed PrinceRalsei's ghost (novice HuNe)
  2604 | D:7      | Noticed an orc warrior
  2604 | D:7      | Noticed a sky beast
  2606 | D:7      | Noticed a water moccasin
  2607 | D:7      | Noticed a slime creature
  2615 | D:7      | Found a bloodstained altar of Trog.
  2615 | D:7      | Identified the +4 great sword of the Rat {antimagic, rN+}
  2615 | D:7      | Noticed an orc warrior
  2621 | D:7      | Reached skill level 11 in Polearms
  2621 | D:7      | Reached XP level 7. HP: 35/50 MP: 7/7
  2629 | D:7      | Noticed a slime creature
  2654 | D:7      | Splashed by a jelly's acid

Levels and vault maps discovered:
D:1:      matt_arrival_grand_opening, layout_basic, serial_co_window_serial,
          co_window_paths_b, co_window_paths_b, co_window_paths_a,
          co_window_corner_a, co_window_of_opportunity_a, co_window_broadway_c,
          co_window_2corner, co_window_corner_b, co_window_corner_cb,
          co_window_4corner_b, glass_columns_a, minmay_misc_feat_iff,
          minmay_nonomino_d4
D:2:      layout_rooms, minmay_misc_feat_secret_circle, uniq_terence
D:3:      layout_rooms, lemuel_doored_altar
D:4:      layout_loops_ring, cheibrodos_sewer_entry_bend, serial_shops, shop,
          st_stairs_6, uniq_natasha
D:7:      layout_cave_pools, elyvilon_altar_4, kennysheep_little_box,
          lemuel_round_altar, minmay_temple_entry_mist,
          gammafunk_ghost_wrathful_warriors, hangedman_minor_gate_pass

Skill      XL: |  1  2  3  4  5  6 |
---------------+-------------------+-----
Polearms       | 5 6 8 9 11 | 11.0
Fighting       | |  2.1
Throwing       | |  2.0
Dodging        | |  4.0

Action                   |  1- 3 |  4- 6 |  7- 9 || total
-------------------------+-------+-------+-------++-------
Melee: Trident           |   140 |   201 |    17 ||   358
       Tailslap          |       |     3 |       ||     3
  Use: Scroll            |     4 |     7 |     1 ||    12
       Potion            |       |     5 |       ||     5
 Stab: Sleeping          |     2 |     2 |       ||     4
       Distracted        |     1 |       |       ||     1
  Eat: Chunk             |     1 |     5 |       ||     6
Armor: Leather armour    |    31 |    37 |       ||    68
       Troll leather arm |       |    18 |     6 ||    24
Dodge: Dodged            |   134 |   121 |    11 ||   266
Block: Buckler           |       |    14 |     3 ||    17
